 Dungeon Sprint DCSS version 0.16-a0-3841-g2612308 (console) character file.

2389 Monkaria the Champion of Chaos (level 9, -6/90 HPs)
             Began as a Hill Orc Fighter on Jan 30, 2015.
             Was the Champion of Makhleb.
             Killed from afar by Thrubuji the pandemonium lord (28 damage)
             ... with a chain lightning
             ... in the Dungeon (Sprint V: "Ziggurat Sprint").
             The game lasted 00:04:26 (547 turns).

Monkaria the Champion of Chaos (Hill Orc Fighter)    Turns: 547, Time: 00:04:26

Health: -6/90      AC: 18    Str: 37    XL:     9   Next: 46%
Magic:  27/27      EV:  6    Int:  8    God:    Makhleb [******]
Gold:   0          SH:  0    Dex: 10    Spells: 0 memorised, 8 levels left

rFire  + . .     SeeInvis +     N - +14 obsidian axe {chop, +Fly Str+3 SInv Curse} (curse)
rCold  + . .     Clarity  .     L - +5 gold dragon armour
rNeg   . . .     SustAb   .     (no shield)
rPois  +         Gourm    .     (no helmet)
rElec  .         Spirit   .     (no cloak)
rCorr  .         Warding  .     (no gloves)
rMut   .         NoTele   +     (no boots)
MR     .....                    (no amulet)
Stlth  ..........               F - +6 ring of strength
                                E - +6 ring of strength

@: mesmerised, not resistant to hostile enchantments, extremely unstealthy
A: no striking features
a: Minor Destruction, Lesser Servant of Makhleb, Major Destruction, Greater
Servant of Makhleb, Renounce Religion, Evoke Flight


You were in the Dungeon.
You worshipped Makhleb.
Makhleb was exalted by your worship.
You were not hungry.

You visited 1 branch

Inventory:

Hand weapons
 M - a +5 executioner's axe
 N - the cursed +14 obsidian axe (weapon) {chop, +Fly Str+3 SInv Curse}
   (You found it in the Dungeon)

   It inflicts extra damage upon your enemies.
   It affects your strength (+3).
   It enhances your eyesight.
   It lets you fly.
   It may recurse itself when equipped.
   It has a curse placed upon it.
 P - the +7 Singing Sword
   (You found it in the Dungeon)
 Q - the +0 Sword of Power
   (You found it in the Dungeon)
 R - the +14 plutonium sword {Contam Stlth-}
   (You found it in the Dungeon)

   It causes magical contamination when unequipped.
   It makes you less stealthy.
Armour
 L - a +5 gold dragon armour (worn)
 O - the +18 shield of the gong {rElec rN+ MR+ EV-5}
   (You found it in the Dungeon)

   It affects your evasion (-5).
   It insulates you from electricity.
   It protects you from negative energy.
   It affects your resistance to hostile enchantments.
Jewellery
 c - the ring of Ribaeh {SustAb +Blink rElec rN+}
   (You found it in the Dungeon)

   [ring of sustain abilities]

   It sustains your strength, intelligence and dexterity.
   It insulates you from electricity.
   It protects you from negative energy.
   It lets you blink.
 y - a +6 ring of dexterity
 B - a +6 ring of dexterity
 D - the cursed ring "Xazev" {MR- MP+9 EV-2 Dex+2 Slay+5}
   (You found it in the Dungeon)

   [ring of evasion]

   It affects your evasion (-2).
   It affects your dexterity (+2).
   It affects your accuracy and damage with ranged weapons and melee attacks
   (+5).
   It affects your resistance to hostile enchantments.
   It affects your magic capacity (+9).
   It has a curse placed upon it.
 E - a +6 ring of strength (left hand)
 F - a +6 ring of strength (right hand)
 T - the amulet "Jogahont" {rMut rC++ Slay-5 Stlth+}
   (You found it in the Dungeon)

   [amulet of resist mutation]

   It protects you from mutation.
   It affects your accuracy and damage with ranged weapons and melee attacks
   (-5).
   It greatly protects you from cold.
   It makes you more stealthy.
Magical devices
 H - a wand of disintegration (7)
 I - a wand of fire (5)
 J - a wand of cold (4)
 K - a wand of draining (5)
Scrolls
 k - 4 scrolls of blinking
 r - 4 scrolls of amnesia
 s - 3 scrolls of recharging
 t - 7 scrolls of fog
 u - a scroll of holy word
 v - 5 scrolls of identify
 w - 5 scrolls of remove curse
 x - 2 scrolls of fear
Potions
 e - 8 potions of might
 f - 10 potions of curing
 g - 7 potions of heal wounds
 h - 6 potions of haste
 i - 7 potions of magic
 j - 3 potions of berserk rage
 l - 2 potions of brilliance
 m - 2 potions of invisibility
 n - 2 potions of restore abilities
 o - 4 potions of resistance
 q - 5 potions of agility
Miscellaneous
 a - a lantern of shadows
 b - a disc of storms
 p - a disc of storms
 C - a lamp of fire
 G - a disc of storms
 S - a fan of gales
 V - an ornate deck of wonders
 W - a plain deck of wonders
 X - a fan of gales
Comestibles
 d - 5 meat rations
 z - 42 fruits
 A - 4 bread rations
 U - 3 royal jellies


   Skills:
 + Level 11.7 Fighting
 + Level 16.4 Axes
 - Level 3.2 Armour
 - Level 3.2 Shields
 - Level 16.5 Invocations


You had 8 spell levels left.
You didn't know any spells.

Dungeon Overview and Level Annotations

Branches:
Dungeon (1/1)

Altars:
Ashenzari
Cheibriados
Dithmenos
Elyvilon
Fedhas
Gozag
Kikubaaqudgha
Makhleb
Nemelex Xobeh
Okawaru
Qazlal
Ru
Sif Muna
Trog
Vehumet
Xom
Yredelemnul
Zin
The Shining One
Beogh
Jiyva
Lugonu


Message History

The orange demon dies!
The lightning arc hits the quasit.
The quasit dies!
Hiegel hits you.
The soul eater draws from the surrounding life force!
* * * LOW HITPOINT WARNING * * *
The soul eater is healed.
Unknown command.
Drink which item? (? for menu, Esc to quit)
You feel much better.
Visions of slaying the iron imp flood into your mind.
Hiegel hits you but does no damage. Thrubuji hits you.
* * * LOW HITPOINT WARNING * * *
The blue devil hits you.
* * * LOW HITPOINT WARNING * * *
The iron imp hits you but does no damage.
Thrubuji casts a spell.
You hear a mighty clap of thunder!
The lightning arc hits you!
You die...

▓▓▓▓▓▓▓▓▓▓▓▓▓▓▓▓▓▓▓
..8©8...▓..8©8..▓
..[=}?[..▓..[|)..▓
▓...=))...▓...)|..▓
▓.........▓.......▓
▓.........▓....)..▓
▓....34...▓.(.....▓
▓.....&5..▓..)))..▓
▓.▓..&@.▓.▓...(...▓
▓.....4...▓...((..▓
▓▓▓▓▓▓▓▓▓▓▓▓▓▓▓▓▓▓▓


You could see Hiegel, Thrubuji, a soul eater, 2 blue devils and an iron imp.

Vanquished Creatures
  A cyclops (D)
  2 merfolk (D)
  A troll (D)
  2 two-headed ogres (D)
  4 orc warriors (D)
  2 ogres (D)
  2 jellies (D)
  6 orc priests (D)
  8 orc wizards (D)
  An ooze (D)
  7 orcs (D)
36 creatures vanquished.

Vanquished Creatures (others)
  A balrug (D)
  A spatial maelstrom (D)
  An orange demon (D)
  A neqoxec (D)
  A quasit (D)
5 creatures vanquished.

Grand Total: 41 creatures vanquished

Notes
Turn   | Place    | Note
--------------------------------------------------------------
     0 | D        | Monkaria, the Hill Orc Fighter, began the quest for the Orb.
     0 | D        | Reached XP level 1. HP: 19/19 MP: 1/1
     0 | D        | Found a viscous altar of Jiyva.
     0 | D        | Found a corrupted altar of Lugonu.
     0 | D        | Found a white marble altar of Elyvilon.
     1 | D        | Found a burning altar of Makhleb.
     1 | D        | Found an iron altar of Okawaru.
     3 | D        | Found a sparkling altar of Nemelex Xobeh.
     3 | D        | Found a basalt altar of Yredelemnul.
     3 | D        | Found a deep blue altar of Sif Muna.
     3 | D        | Found a radiant altar of Vehumet.
     5 | D        | Banished a spatial maelstrom
     8 | D        | Found a bloodstained altar of Trog.
    22 | D        | Found a shimmering altar of Xom.
    84 | D        | Reached skill level 6 in Fighting
    84 | D        | Reached skill level 8 in Axes
    84 | D        | Reached XP level 2. HP: 23/30 MP: 2/2
   158 | D        | Became a worshipper of Makhleb the Destroyer
   162 | D        | Entered arena 1.
   162 | D        | Noticed a merfolk
   162 | D        | Noticed a merfolk
   170 | D        | Killed a merfolk
   170 | D        | Reached skill level 9 in Fighting
   170 | D        | Reached skill level 13 in Axes
   170 | D        | Reached XP level 3. HP: 14/44 MP: 3/3
   170 | D        | Reached XP level 4. HP: 15/50 MP: 4/4
   170 | D        | Reached XP level 5. HP: 17/57 MP: 5/5
   170 | D        | Reached XP level 6. HP: 19/64 MP: 6/6
   173 | D        | Killed a merfolk
   173 | D        | Acquired Makhleb's first power
   173 | D        | Reached skill level 10 in Fighting
   173 | D        | Reached skill level 15 in Axes
   173 | D        | Reached XP level 7. HP: 55/73 MP: 7/7
   256 | D        | Entered arena 2.
   256 | D        | Noticed a jelly
   256 | D        | Noticed a jelly
   259 | D        | Killed a jelly
   260 | D        | Killed a jelly
   260 | D        | Acquired Makhleb's second power
   265 | D        | Entered arena 3.
   265 | D        | Noticed an orc wizard
   265 | D        | Noticed an orc wizard
   265 | D        | Noticed an orc priest
   268 | D        | Killed an orc wizard
   268 | D        | Killed an orc priest
   268 | D        | Acquired Makhleb's third power
   273 | D        | Killed an orc wizard
   282 | D        | Entered arena 4.
   282 | D        | Noticed an orc wizard
   282 | D        | Noticed an orc wizard
   282 | D        | Noticed an orc wizard
   282 | D        | Noticed an orc wizard
   286 | D        | Killed an orc wizard
   286 | D        | Reached skill level 16 in Axes
   286 | D        | Killed an orc wizard
   286 | D        | Acquired Makhleb's fourth power
   288 | D        | Killed an orc wizard
   289 | D        | Killed an orc wizard
   298 | D        | Got the ring of Ribaeh {SustAb +Blink rElec rN+}
   313 | D        | Entered arena 5.
   313 | D        | Noticed an orc priest
   313 | D        | Noticed an orc priest
   313 | D        | Noticed an orc wizard
   313 | D        | Noticed an orc priest
   316 | D        | Killed an orc wizard
   317 | D        | Killed an orc priest
   317 | D        | Acquired Makhleb's fifth power
   321 | D        | Killed an orc priest
   323 | D        | Killed an orc priest
   323 | D        | Reached skill level 5 in Invocations
   338 | D        | Entered arena 6.
   338 | D        | Noticed an orc warrior
   338 | D        | Noticed an orc warrior
   338 | D        | Noticed an orc warrior
   338 | D        | Noticed an orc priest
   343 | D        | Killed an orc warrior
   343 | D        | Reached XP level 8. HP: 83/83 MP: 11/18
   345 | D        | Killed an orc warrior
   347 | D        | Killed an orc priest
   361 | D        | Got the cursed ring "Xazev" {MR- MP+9 EV-2 Dex+2 Slay+5}
   393 | D        | Entered arena 7.
   393 | D        | Noticed a two-headed ogre
   393 | D        | Noticed a two-headed ogre
   393 | D        | Noticed an ogre
   393 | D        | Noticed a cyclops
   393 | D        | Noticed an ogre
   393 | D        | Noticed a troll
   396 | D        | Killed an ogre
   399 | D        | Killed a troll
   399 | D        | Killed a two-headed ogre
   400 | D        | Killed an ogre
   402 | D        | Killed a two-headed ogre
   402 | D        | Reached XP level 9. HP: 80/90 MP: 19/25
   405 | D        | Killed a cyclops
   405 | D        | Reached skill level 15 in Invocations
   479 | D        | Entered arena 8.
   479 | D        | Noticed an orc warrior
   479 | D        | Noticed an orc wizard
   479 | D        | Noticed an orc priest
   479 | D        | Noticed an orc warrior
   485 | D        | Killed an orc warrior
   486 | D        | Killed an orc priest
   486 | D        | Killed an orc warrior
   488 | D        | Killed an orc wizard
   495 | D        | Got the amulet "Jogahont" {rMut rC++ Slay-5 Stlth+}
   540 | D        | Entered arena 9.
   540 | D        | Noticed an iron imp
   540 | D        | Noticed an orange demon
   540 | D        | Noticed a quasit
   540 | D        | Noticed Hiegel the pandemonium lord
   540 | D        | Noticed Thrubuji the pandemonium lord
   540 | D        | Noticed a blue devil
   540 | D        | Noticed a soul eater
   540 | D        | Noticed a neqoxec
   544 | D        | Killed a neqoxec
   546 | D        | Killed an orange demon
   546 | D        | Killed a quasit
   547 | D        | Killed from afar by Thrubuji the pandemonium lord

Action                   |  1- 3 |  4- 6 |  7- 9 || total
-------------------------+-------+-------+-------++-------
Melee: Broad axe         |     5 |     1 |    44 ||    50
Invok: Greater Servant o |       |       |     1 ||     1
Evoke: Wand              |       |       |     1 ||     1
       Lamp of fire      |       |       |     1 ||     1
       Disc of storms    |       |       |     1 ||     1
  Use: Potion            |     2 |     1 |     1 ||     4
